[Event "Titled Tuesday Blitz May 16 Early 2023"]
[White "Arat, Ufuk Sezen"]
[Black "Blokhin, Sofia"]
[WhiteFideId "6309089"]
[BlackFideId "4508190"]
[WhiteElo "2289"]
[BlackElo "1994"]
[Result "1-0"]
[Round "06"]
[TimeControl "180+2"]
[Date "2023.05.16"]
[WhiteClock "0:00:10"]
[BlackClock "0:00:07"]

1. c4 c5 2. g3 Nf6 3. Bg2 d5 4. cxd5 Nxd5 5. Nc3 Nc7 6. f4 Nc6 7. Nf3 e6 8. O-O Be7 9. e3 O-O 10. d4 cxd4 11. exd4 Bf6 12. Be3 Nd5 13. Nxd5 exd5 14. Ne5 Bf5 15. Qb3 Be4 16. Rac1 Bxg2 17. Kxg2 Na5 18. Qd3 Bxe5 19. fxe5 Nc4 20. b3 Nxe3+ 21. Qxe3 Qd7 22. Rf4 Rac8 23. Rcf1 Qe6 24. R1f2 Rc7 25. h3 Rfc8 26. Qd3 Rc3 27. Qf5 R3c7 28. g4 a5 29. Qd3 Rc3 30. Qf5 R3c7 31. Qxe6 fxe6 32. R4f3 Rc3 33. g5 Rxf3 34. Rxf3 Rc2+ 35. Rf2 Rc3 36. h4 Rd3 37. Rc2 Rxd4 38. Kg3 Kf7 39. Rc7+ Kg6 40. Re7 Kf5 41. Rxg7 Kxe5 42. Rxh7 Rd3+ 43. Kg4 Rd4+ 44. Kh5 Rd2 45. g6 Kf6 46. Rf7+ Ke5 47. g7 Rg2 48. Kh6 d4 49. h5 d3 50. Rd7 Ke4 51. Kh7 Ke3 52. h6 d2 53. g8=Q Rxg8 54. Kxg8 Ke2 55. h7 d1=Q 56. Rxd1 Kxd1 57. h8=Q 1-0


[Site "https://www.chess.com"]

[Event "Titled Tuesday Blitz May 16 Early 2023"]
[White "lluiss"]
[Black "Ezat, Mohamed"]
[BlackFideId "10600906"]
[WhiteElo "2292"]
[BlackElo "2386"]
[Result "0-1"]
[Round "06"]
[TimeControl "180+2"]
[Date "2023.05.16"]
[WhiteClock "0:00:09"]
[BlackClock "0:01:22"]

1. Nf3 Nf6 2. c4 g6 3. g3 Bg7 4. Bg2 O-O 5. O-O c5 6. Nc3 d5 7. cxd5 Nxd5 8. d4 Nc6 9. Nxd5 Qxd5 10. Ne5 Qxd4 11. Nxc6 bxc6 12. Bxc6 Rb8 13. Be3 Qf6 14. Qa4 Rb4 15. Qc2 Qxc6 16. Qxc5 Qxc5 17. Bxc5 Rxb2 18. Bxe7 Re8 19. Ba3 Rbxe2 20. Rac1 Bh3 21. Rfd1 Rxa2 22. Bc5 Bg4 23. Rd3 a5 24. Kg2 Bf5 25. Rb3 h5 26. h4 Rc8 27. Be3 Be4+ 28. Kf1 Rxc1+ 29. Bxc1 Ra1 30. Rb8+ Kh7 31. Rc8 Bb2 0-1


[Site "https://www.chess.com"]

[Event "Titled Tuesday Blitz May 16 Early 2023"]
[White "Petrovic, Aleksa"]
[Black "Sala, Giulia"]
[WhiteFideId "967629"]
[BlackFideId "2840451"]
[WhiteElo "2309"]
[BlackElo "1769"]
[Result "1-0"]
[Round "06"]
[TimeControl "180+2"]
[Date "2023.05.16"]
[WhiteClock "0:01:20"]
[BlackClock "0:01:07"]

1. e4 e6 2. d4 d5 3. Nd2 Nd7 4. Ngf3 c5 5. exd5 exd5 6. Be2 Ngf6 7. O-O Bd6 8. dxc5 Nxc5 9. Bb5+ Bd7 10. Re1+ Be7 11. Bxd7+ Qxd7 12. Qe2 Nfe4 13. Ne5 Qc7 14. Qb5+ Kf8 15. Nxe4 Qxe5 16. Bf4 Qxf4 17. Nxc5 Bd6 18. g3 Qc4 19. Qxb7 Rd8 20. Qd7 g6 21. Qxd8+ 1-0


[Site "https://www.chess.com"]

[Event "Titled Tuesday Blitz May 16 Early 2023"]
[White "Zaichenko, Daria"]
[Black "Kuznetsov, Mikhail"]
[WhiteFideId "4197453"]
[BlackFideId "4117190"]
[WhiteElo "2039"]
[BlackElo "1981"]
[Result "0-1"]
[Round "06"]
[TimeControl "180+2"]
[Date "2023.05.16"]
[WhiteClock "0:00:00"]
[BlackClock "0:00:01"]

1. e4 c6 2. d4 d5 3. Nc3 dxe4 4. Nxe4 Nf6 5. Nxf6+ exf6 6. c3 Bd6 7. Be3 O-O 8. Bd3 Re8 9. Qc2 h5 10. O-O-O Be6 11. Kb1 Nd7 12. Nf3 Nf8 13. h3 a5 14. Rdg1 a4 15. Nd2 b5 16. g4 h4 17. g5 fxg5 18. Rxg5 Be7 19. Rg2 Qd5 20. Rhg1 Qxa2+ 21. Kc1 Bf6 22. Ne4 Nd7 23. Bh6 Kf8 24. Nxf6 Nxf6 25. Bxg7+ Ke7 26. Qd2 Qa1+ 27. Bb1 a3 28. Bxf6+ Kd7 29. Kc2 Qxb2+ 30. Kd1 Bb3+ 31. Bc2 Qb1+ 32. Qc1 Bxc2+ 33. Kd2 Qxc1+ 34. Rxc1 Bg6 35. Ra1 a2 36. Rg5 Be4 37. Rg4 Bd5 38. Rxh4 Bc4 39. Be5 Re6 40. Rh7 Ke7 41. Rh5 f6 42. Rh7+ Ke8 43. Rh8+ Kf7 44. Rxa8 fxe5 45. dxe5 Rxe5 46. Ra7+ Kg6 47. f4 Re2+ 48. Kd1 Rh2 49. Kc1 Rxh3 50. Rc7 Rxc3+ 51. Kb2 Rd3 52. Rxc6+ Kf5 53. Rc5+ Kxf4 54. Rc6 Ke3 0-1


[Site "https://www.chess.com"]

[Event "Titled Tuesday Blitz May 16 Early 2023"]
[White "Onufrienko, Vladislav"]
[Black "Afanasieva, Alexandra"]
[WhiteFideId "13804332"]
[BlackFideId "34126926"]
[WhiteElo "1814"]
[BlackElo "1745"]
[Result "0-1"]
[Round "06"]
[TimeControl "180+2"]
[Date "2023.05.16"]
[WhiteClock "0:00:00"]
[BlackClock "0:00:13"]

1. g4 d5 2. c4 Bxg4 3. Qb3 b6 4. cxd5 Nf6 5. Bg2 Qd6 6. Nc3 c6 7. dxc6 Nxc6 8. Nb5 Qd7 9. Qg3 Rc8 10. d3 e6 11. Bg5 Bb4+ 12. Kf1 Bf5 13. Nf3 Nh5 14. Qh4 g6 15. Nc3 h6 16. Bf6 Rg8 17. Ne5 Nxe5 18. Bxe5 Be7 19. Qd4 Qxd4 20. Bxd4 Nf4 21. e4 Bh3 22. Bxh3 Nxh3 23. Be3 Bg5 24. Ke2 Ke7 25. Rac1 Rgd8 26. Rc2 Bxe3 27. fxe3 Rc7 28. Nd5+ exd5 29. Rxc7+ Kd6 30. Rxf7 dxe4 31. d4 Ng5 32. Rf6+ Ke7 33. Rxg6 Rc8 34. Kd2 Nf3+ 35. Kd1 h5 36. h4 Rf8 37. Rg7+ Kf6 38. Rxa7 Kf5 39. Rg7 Kf6 40. Rg3 Ke6 41. Rf1 Kd5 42. Rfxf3 exf3 43. Ke1 Ke4 44. Kf2 b5 45. Rg5 Kd3 46. Re5 Kc2 47. Rc5+ Kxb2 48. Rxb5+ Kxa2 49. Rxh5 Kb2 0-1


[Site "https://www.chess.com"]

[Event "Titled Tuesday Blitz May 16 Early 2023"]
[White "Grabinsky, Vladimir"]
[Black "Womacka, Mathias"]
[WhiteFideId "14107074"]
[BlackFideId "4611390"]
[WhiteElo "2027"]
[BlackElo "2377"]
[Result "0-1"]
[Round "06"]
[TimeControl "180+2"]
[Date "2023.05.16"]
[WhiteClock "0:00:11"]
[BlackClock "0:00:49"]

1. e4 c5 2. b4 cxb4 3. a3 d5 4. exd5 Qxd5 5. Nf3 e5 6. Bb2 Nc6 7. c4 Qe6 8. Bd3 Nf6 9. O-O Bd6 10. Re1 O-O 11. axb4 Nxb4 12. Bf1 e4 13. d3 Re8 14. Nbd2 Bd7 15. Bxf6 Qxf6 16. Nxe4 Qh6 17. Nxd6 Qxd6 18. Rxe8+ Bxe8 19. d4 b6 20. Qd2 a5 21. Qc3 Bc6 22. c5 bxc5 23. dxc5 Qd5 24. Bc4 Qf5 25. Ne5 Bd5 26. Bxd5 Nxd5 27. Qd4 Nf4 28. Re1 Ne2+ 0-1


[Site "https://www.chess.com"]

[Event "Titled Tuesday Blitz May 16 Early 2023"]
[White "rikchessmx"]
[Black "Mazurkiewicz, Michal"]
[BlackFideId "1124943"]
[WhiteElo "2249"]
[BlackElo "2054"]
[Result "0-1"]
[Round "06"]
[TimeControl "180+2"]
[Date "2023.05.16"]
[WhiteClock "0:00:17"]
[BlackClock "0:00:03"]

1. e4 d6 2. d4 Nf6 3. Nc3 c6 4. f3 e5 5. Bc4 Be7 6. Nge2 O-O 7. Be3 b5 8. Bb3 Qc7 9. g4 a5 10. g5 Nh5 11. a3 Be6 12. d5 cxd5 13. Nxd5 Bxd5 14. Bxd5 Nc6 15. Ng3 Nf4 16. h4 Ng2+ 17. Kf2 Nxe3 18. Kxe3 Qb6+ 19. Ke2 Nd4+ 20. Kf1 g6 21. Bxa8 Rxa8 22. c3 Ne6 23. Qe1 Qa6 24. Ne2 Qc6 25. Rc1 d5 26. Ng3 Nf4 27. exd5 Qxd5 28. Ne4 Qd3+ 29. Kf2 Qc4 30. Qf1 Nd3+ 31. Kg3 Nxc1 32. Qxc4 bxc4 33. Rxc1 Rb8 34. Rc2 Kg7 35. Nd2 Rc8 36. Kg4 f6 37. gxf6+ Bxf6 38. Ne4 h5+ 39. Kg3 Rd8 40. Rd2 Rd3 41. a4 Be7 42. Re2 Rd1 43. Nf2 Rd5 44. Ne4 Rd1 45. Nf2 Ra1 46. Rxe5 Bd6 47. f4 Bxe5 48. fxe5 Rb1 49. Ne4 Rxb2 50. Nd6 Rc2 51. e6 Rxc3+ 52. Kf4 Rc1 53. e7 Re1 54. e8=Q Rxe8 55. Nxe8+ Kf8 56. Nd6 c3 57. Ke3 Ke7 58. Ne4 c2 59. Kd2 Ke6 60. Kxc2 Kf5 61. Kd3 Kg4 62. Nd6 Kxh4 63. Nc4 Kg3 64. Nxa5 h4 65. Nc4 h3 66. Ne3 Kf3 67. a5 h2 68. a6 h1=Q 69. a7 Qb1+ 70. Nc2 Qb7 71. Nd4+ Kg4 72. Nc6 Qxc6 73. Kd4 Qb6+ 74. Ke5 Qxa7 0-1


[Site "https://www.chess.com"]

[Event "Titled Tuesday Blitz May 16 Early 2023"]
[White "Antonio, Jorge Carlos"]
[Black "Sai Han Thiha"]
[WhiteFideId "113190"]
[BlackFideId "13012290"]
[WhiteElo "2247"]
[BlackElo "1954"]
[Result "0-1"]
[Round "06"]
[TimeControl "180+2"]
[Date "2023.05.16"]
[WhiteClock "0:00:00"]
[BlackClock "0:00:09"]

1. e4 c6 2. f4 d5 3. e5 c5 4. d4 cxd4 5. Nf3 Bg4 6. Qxd4 Bxf3 7. gxf3 Nc6 8. Qg1 e6 9. Bd3 g6 10. Nc3 Qh4+ 11. Qg3 Qd8 12. Bd2 a6 13. h4 h5 14. O-O-O Nge7 15. Qf2 Nb4 16. Be2 Rc8 17. Kb1 Nf5 18. a3 Bc5 19. Qe1 Nc6 20. Bd3 Nce7 21. Na4 Bd4 22. Ba5 b6 23. Bb4 b5 24. Nc3 Qb6 25. Ne2 Bf2 26. Qf1 Bc5 27. Bxc5 Qxc5 28. Qe1 Ne3 29. Rc1 Nc4 30. Ka2 a5 31. Bxc4 Qxc4+ 32. b3 Qc7 33. Nd4 Qb6 34. Qe3 a4 35. b4 Rc4 36. Rhd1 Kd7 37. c3 Rhc8 38. Kb2 Ke8 39. f5 gxf5 40. Rd3 Ng6 41. Qg5 Nxe5 42. Re3 Qc7 43. Nxb5 Qb8 44. Qg8+ Kd7 45. Qg5 Rg8 46. Qf4 Rxf4 47. Nd4 Nc4+ 0-1


[Site "https://www.chess.com"]

[Event "Titled Tuesday Blitz May 16 Early 2023"]
[White "agvania123"]
[Black "Fernandez Garcia, Gumersindo"]
[BlackFideId "24516740"]
[WhiteElo "2232"]
[BlackElo "2093"]
[Result "1-0"]
[Round "06"]
[TimeControl "180+2"]
[Date "2023.05.16"]
[WhiteClock "0:00:48"]
[BlackClock "0:00:42"]

1. c4 e5 2. Nc3 Nf6 3. Nf3 e4 4. Ng5 b5 5. Ngxe4 Nxe4 6. Nxe4 bxc4 7. e3 d5 8. Nc3 Be7 9. d4 cxd3 10. Bxd3 O-O 11. O-O c6 12. b3 Bf6 13. Bb2 Nd7 14. Qc2 g6 15. Rac1 Ne5 16. Be2 Qd6 17. Rfd1 Qb8 18. g3 h5 19. h4 Bg4 20. Bxg4 hxg4 21. Ne2 Nf3+ 22. Kg2 Bxh4 23. Qc3 f6 24. Qxc6 Rf7 25. Qxd5 Kg7 26. Nf4 Bg5 27. Ne6+ Kg8 28. Nxg5 Nxg5 29. Rh1 Qb7 30. Qxb7 Rxb7 31. Bxf6 Nf7 32. Rc4 Rb6 33. Bd4 Re6 34. Rc7 a5 35. Rxf7 Kxf7 36. Rh7+ 1-0


[Site "https://www.chess.com"]

[Event "Titled Tuesday Blitz May 16 Early 2023"]
[White "Pandey Srishti"]
[Black "Kuchava, Ana"]
[WhiteFideId "35093290"]
[BlackFideId "13605348"]
[WhiteElo "2123"]
[BlackElo "2001"]
[Result "1-0"]
[Round "06"]
[TimeControl "180+2"]
[Date "2023.05.16"]
[WhiteClock "0:00:06"]
[BlackClock "0:00:03"]

1. e4 c5 2. Nf3 d6 3. d4 cxd4 4. Nxd4 Nf6 5. Nc3 Nc6 6. Bg5 e6 7. f4 Qb6 8. Nb3 Qe3+ 9. Qe2 Qxe2+ 10. Bxe2 a6 11. O-O-O Be7 12. Rhe1 h6 13. Bh4 Bd7 14. Bf3 Rc8 15. Kb1 b5 16. a3 Rg8 17. Bf2 g5 18. g3 gxf4 19. gxf4 Ng4 20. Bg3 h5 21. Rg1 h4 22. Bxh4 Bxh4 23. Rxg4 Ke7 24. Rxh4 Rg7 25. Rf1 Rcg8 26. Ne2 a5 27. Nbd4 Na7 28. c3 Rb8 29. e5 dxe5 30. fxe5 b4 31. axb4 axb4 32. Kc2 bxc3 33. Nxc3 Rc8 34. Bb7 Rc7 35. Be4 Ba4+ 36. Kd2 Bd7 37. Rhf4 Be8 38. R4f2 Rg4 39. Bf3 Rxd4+ 40. Ke3 Rh4 41. Be4 Nc6 42. Bxc6 Rxc6 43. Ne4 Rb6 44. Nd6 Rh3+ 45. Kd4 Rb4+ 46. Kc5 Rbb3 47. Nxf7 Rh5 48. Nd6 Rxe5+ 49. Kc4 Kxd6 50. Kxb3 Re3+ 51. Kc4 Bc6 52. Kd4 Bd5 53. Kxe3 Kc5 54. Rd2 Kb4 55. Rc1 Kb3 56. Rxd5 Kxb2 57. Kd4 exd5 58. Rc8 Kb3 59. Kxd5 Kb4 60. h4 1-0


[Site "https://www.chess.com"]

[Event "Titled Tuesday Blitz May 16 Early 2023"]
[White "Clawitter, Craig"]
[Black "DubiousM0ves532"]
[WhiteFideId "2023105"]
[WhiteElo "2263"]
[BlackElo "2436"]
[Result "1-0"]
[Round "06"]
[TimeControl "180+2"]
[Date "2023.05.16"]
[WhiteClock "0:00:07"]
[BlackClock "0:00:08"]

1. e4 c5 2. Nf3 e6 3. d4 cxd4 4. Nxd4 a6 5. Bd3 Bc5 6. Nb3 Be7 7. Nc3 Qc7 8. Qe2 d6 9. Bd2 Nf6 10. f4 Nbd7 11. O-O-O b5 12. Kb1 Bb7 13. Rde1 b4 14. Nd1 d5 15. e5 Ne4 16. Bxe4 dxe4 17. Nf2 O-O 18. Nxe4 Rfc8 19. Bc1 a5 20. Nd4 a4 21. Nb5 Qb6 22. Ned6 b3 23. cxb3 axb3 24. a3 Rc2 25. Qe3 Qxe3 26. Rxe3 Bd5 27. Rd1 Rxg2 28. Nc7 Rc8 29. Nxd5 Bxd6 30. exd6 exd5 31. Rxb3 Rxh2 32. Rxd5 Rh1 33. Rc3 Rxc3 34. bxc3 Kf8 35. Kb2 Nb6 36. Rd4 Ke8 37. c4 Kd7 38. c5 Nc8 39. Be3 Rh2+ 40. Kc3 Na7 41. Ra4 Nc6 42. Ra6 Rh3 43. Kd2 Rh5 44. Rb6 Rd5+ 45. Ke2 Kc8 46. Rxc6+ Kd7 47. Rc7+ Ke6 48. Re7+ Kf6 49. c6 Rxd6 50. Rc7 Ke6 51. Rc8 Kd5 52. c7 Rc6 53. Rd8+ Ke6 54. c8=Q+ Rxc8 55. Rxc8 Kf5 56. Rc3 f6 57. Rd3 Kg4 58. Rd7 g5 59. Rxh7 gxf4 60. Bxf4 Kxf4 61. Rh6 1-0


[Site "https://www.chess.com"]

[Event "Titled Tuesday Blitz May 16 Early 2023"]
[White "Kopczynski, Michal"]
[Black "hsd2016"]
[WhiteFideId "1124200"]
[WhiteElo "2212"]
[BlackElo "2196"]
[Result "0-1"]
[Round "06"]
[TimeControl "180+2"]
[Date "2023.05.16"]
[WhiteClock "0:00:19"]
[BlackClock "0:00:26"]

1. e4 e5 2. Nf3 Nc6 3. Bb5 a6 4. Ba4 Nf6 5. d3 Be7 6. O-O b5 7. Bb3 O-O 8. a4 Bb7 9. axb5 axb5 10. Rxa8 Qxa8 11. Nc3 b4 12. Ne2 d6 13. Ng3 Bc8 14. h3 Be6 15. Bxe6 fxe6 16. Bd2 Qc8 17. Qa1 d5 18. Qa4 Qd7 19. Ra1 dxe4 20. dxe4 Bc5 21. Qb5 Bb6 22. Bxb4 Rb8 23. Nxe5 Bxf2+ 24. Kh2 Rxb5 25. Nxd7 Bxg3+ 26. Kxg3 Rxb4 27. Ra8+ Kf7 28. Nxf6 Kxf6 29. Rc8 Rxb2 30. Rxc7 Rxc2 31. Kf4 e5+ 32. Ke3 Nd4 33. Ra7 Rxg2 34. Ra6+ Kg5 35. Ra5 Rg3+ 36. Kf2 Kf4 37. Ra7 Rf3+ 38. Kg2 Kxe4 39. Rxg7 Rf6 40. Rxh7 Ke3 41. Re7 e4 42. h4 Rf2+ 43. Kh3 Nf5 44. Re5 Rf3+ 45. Kg4 Rf4+ 46. Kg5 Nxh4 47. Ra5 Rf5+ 48. Rxf5 Nxf5 49. Kxf5 Kf3 50. Ke5 e3 51. Kd4 e2 52. Kd3 e1=Q 53. Kd4 Qe4+ 54. Kc3 Qd5 55. Kc2 Qd4 56. Kb3 Qc5 57. Kb2 Qc4 58. Ka3 Qb5 59. Ka2 Qb4 60. Ka1 Ke3 61. Ka2 Kd3 62. Ka1 Kc3 63. Ka2 Kc2 64. Ka1 Qb2# 0-1


[Site "https://www.chess.com"]

[Event "Titled Tuesday Blitz May 16 Early 2023"]
[White "Li, Hui"]
[Black "Guevara Sanchez, Erick Marvin"]
[WhiteFideId "15400310"]
[BlackFideId "6700136"]
[WhiteElo "1966"]
[BlackElo "2040"]
[Result "1-0"]
[Round "06"]
[TimeControl "180+2"]
[Date "2023.05.16"]
[WhiteClock "0:00:53"]
[BlackClock "0:00:00"]

1. e4 c5 2. Nf3 Nc6 3. d4 cxd4 4. Nxd4 Nf6 5. Nc3 e5 6. Ndb5 d6 7. Bg5 a6 8. Na3 b5 9. Nd5 Be7 10. Bxf6 Bxf6 11. c3 Bg5 12. Nc2 Ne7 13. Nxe7 Qxe7 14. a4 bxa4 15. Rxa4 Bb7 16. Nb4 Bxe4 17. Nd5 Bxd5 18. Qxd5 O-O 19. Bc4 h5 20. O-O h4 21. Rd1 Rfd8 22. Rxa6 Rxa6 23. Bxa6 h3 24. g3 Kf8 25. Bf1 Qd7 26. b4 Ke7 27. b5 Rb8 28. c4 Qb7 29. Qxb7+ Rxb7 30. Bxh3 g6 31. Bg2 Rb6 32. Bd5 f5 33. Ra1 Bd2 34. Ra7+ Kf6 35. Ra6 Rb8 36. Rxd6+ Kg5 37. h4+ Kh6 38. Bf7 Bc3 39. Bxg6 f4 40. Be4+ Kg7 41. g4 Kf7 42. g5 Ke7 43. Rd1 Rc8 44. Bd5 Rc7 45. b6 Rc8 46. b7 Rb8 47. h5 Bd4 48. Kg2 Kd6 49. Kf3 Kc7 50. g6 Rh8 51. g7 e4+ 52. Kxe4 Bxg7 53. Rb1 1-0


[Site "https://www.chess.com"]

[Event "Titled Tuesday Blitz May 16 Early 2023"]
[White "Yanayt, Eugene"]
[Black "Tarnowska, Aleksandra"]
[WhiteFideId "2020165"]
[BlackFideId "1180967"]
[WhiteElo "2083"]
[BlackElo "1776"]
[Result "0-1"]
[Round "06"]
[TimeControl "180+2"]
[Date "2023.05.16"]
[WhiteClock "0:00:36"]
[BlackClock "0:00:03"]

1. d4 d5 2. c4 e6 3. Nf3 Nf6 4. g3 Bb4+ 5. Bd2 Be7 6. Bg2 O-O 7. O-O b6 8. Qc2 Bb7 9. cxd5 exd5 10. Rc1 c6 11. Nc3 Nbd7 12. Be1 Rc8 13. Qa4 a5 14. Rd1 Ne4 15. Rac1 Ndf6 16. Ne5 Qd6 17. Nb1 Rfd8 18. f3 Ng5 19. Bf2 c5 20. Nd3 c4 21. Nf4 Bc6 22. Qc2 b5 23. h4 Ne6 24. e4 Nxf4 25. gxf4 Qxf4 26. e5 Nh5 27. Nd2 Bxh4 28. Nf1 Bxf2+ 29. Qxf2 Re8 30. Re1 Re6 31. Nh2 Rg6 32. Ng4 Bd7 33. Bh3 Qg5 34. Qg2 Nf4 35. Qg3 Nxh3+ 36. Qxh3 Bxg4 37. fxg4 Qxg4+ 38. Qxg4 Rxg4+ 39. Kf2 Rxd4 40. e6 fxe6 41. Rxe6 Rf8+ 42. Ke2 Rd3 43. Rg1 g6 44. Re7 Rf7 45. Re8+ Kg7 46. Rb8 b4 47. Rb5 d4 48. Rxa5 Re3+ 49. Kd1 c3 50. bxc3 bxc3 51. Rc5 Rf2 52. Rg4 Rd2+ 53. Kc1 Re1# 0-1


[Site "https://www.chess.com"]

[Event "Titled Tuesday Blitz May 16 Early 2023"]
[White "Kiseljova, Marya"]
[Black "Melikhov, Evgeny V."]
[WhiteFideId "4155009"]
[BlackFideId "4122046"]
[WhiteElo "1831"]
[BlackElo "2158"]
[Result "0-1"]
[Round "06"]
[TimeControl "180+2"]
[Date "2023.05.16"]
[WhiteClock "0:00:00"]
[BlackClock "0:00:18"]

1. d4 Nf6 2. c4 e6 3. Bf4 d5 4. cxd5 exd5 5. e3 Bd6 6. Bxd6 Qxd6 7. Nf3 Bg4 8. Be2 O-O 9. O-O c6 10. Nc3 Nbd7 11. a3 Rfe8 12. h3 Bh5 13. b4 a6 14. Qb3 Ne4 15. Qb2 Nxc3 16. Qxc3 Nf6 17. Rfe1 Ne4 18. Qb2 f6 19. a4 Re7 20. b5 cxb5 21. axb5 a5 22. b6 a4 23. Ra3 Be8 24. Rea1 Bc6 25. Bd1 Ra6 26. Bxa4 Bxa4 27. Rxa4 Rxb6 28. Ra8+ Kf7 29. Qa2 Rc7 30. Qa4 Rbc6 31. Ne1 h5 32. Nd3 h4 33. Qa3 Qxa3 34. R8xa3 b5 35. Nb4 Rd6 36. Ra5 Rb7 37. Rc1 Nd2 38. Rc8 Nc4 39. Raa8 Kg6 40. Kf1 Rdd7 41. Ke2 Nb6 42. Rab8 Nxc8 43. Rxc8 Rbc7 44. Rb8 Rb7 45. Rc8 Kf7 46. Rc5 Ke6 47. Kd3 Rdc7 0-1


[Site "https://www.chess.com"]

[Event "Titled Tuesday Blitz May 16 Early 2023"]
[White "KSho99"]
[Black "littlepillow2010"]
[WhiteElo "2149"]
[BlackElo "2339"]
[Result "1-0"]
[Round "06"]
[TimeControl "180+2"]
[Date "2023.05.16"]
[WhiteClock "0:00:01"]
[BlackClock "0:00:02"]

1. Nf3 d5 2. e3 Nf6 3. b3 c5 4. Bb2 Nc6 5. Bb5 Bd7 6. O-O e6 7. d3 Bd6 8. Bxc6 Bxc6 9. Ne5 Qc7 10. f4 b6 11. Nd2 Bb7 12. Ndf3 h6 13. Qe1 g5 14. fxg5 hxg5 15. h3 d4 16. exd4 g4 17. dxc5 Qxc5+ 18. Bd4 Qxc2 19. Rc1 Qxa2 20. Rf2 Qa5 21. Nc4 Qxe1+ 22. Nxe1 Be7 23. Bxf6 Bxf6 24. Rxf6 Ke7 25. Rf4 gxh3 26. gxh3 Rxh3 27. Ne5 Rg8+ 28. Kf2 Rh2+ 29. Ke3 Rg3+ 30. Kd4 f6 31. Rc7+ Kd8 32. Rxb7 fxe5+ 33. Kxe5 Ke8 34. Kd6 Re3 35. Rb8# 1-0


[Site "https://www.chess.com"]

[Event "Titled Tuesday Blitz May 16 Early 2023"]
[White "ritanovikova"]
[Black "Barbot, Pierre"]
[BlackFideId "663727"]
[WhiteElo "2119"]
[BlackElo "2431"]
[Result "1-0"]
[Round "06"]
[TimeControl "180+2"]
[Date "2023.05.16"]
[WhiteClock "0:00:30"]
[BlackClock "0:00:00"]

1. e4 c6 2. d4 d5 3. Nd2 dxe4 4. Nxe4 Nf6 5. Nxf6+ exf6 6. Nf3 Bd6 7. h3 O-O 8. Be3 Bf5 9. Bd3 Qd7 10. Bxf5 Qxf5 11. Qd2 Nd7 12. O-O b5 13. a4 a6 14. axb5 axb5 15. c3 Nb6 16. b3 Nd5 17. c4 Bb4 18. Qc1 Nc3 19. Qb2 Rab8 20. c5 Nd5 21. Bd2 Bxd2 22. Qxd2 Nf4 23. Kh1 Nxh3 24. Nh4 Qg4 25. g3 Ng5 26. Qf4 Qxf4 27. gxf4 Ne6 28. Nf5 Rfe8 29. Nd6 Red8 30. Rfd1 Nxf4 31. Ra6 Nd5 32. Rxc6 1-0


[Site "https://www.chess.com"]

[Event "Titled Tuesday Blitz May 16 Early 2023"]
[White "Sailer, Mike"]
[Black "Karthik Sai Ch"]
[WhiteFideId "2012901"]
[BlackFideId "46649484"]
[WhiteElo "2109"]
[BlackElo "2003"]
[Result "1-0"]
[Round "06"]
[TimeControl "180+2"]
[Date "2023.05.16"]
[WhiteClock "0:01:34"]
[BlackClock "0:01:27"]

1. d4 Nf6 2. Bg5 Ne4 3. Bf4 d5 4. f3 Nf6 5. Nc3 a6 6. e4 e6 7. Bd3 Bb4 8. e5 Nfd7 9. Bd2 c5 10. f4 cxd4 11. Nce2 Bc5 12. Nf3 Nc6 13. a3 b5 14. O-O g6 15. Kh1 Nb6 16. b3 Nd7 17. Bc1 Bb7 18. Bb2 Rc8 19. Qe1 Ne7 20. Nexd4 Qb6 21. b4 Bxd4 22. Bxd4 Qc5 23. bxc5 1-0


[Site "https://www.chess.com"]

[Event "Titled Tuesday Blitz May 16 Early 2023"]
[White "Dishman, Stephen"]
[Black "Suduvasachmatai"]
[WhiteFideId "403024"]
[WhiteElo "2204"]
[BlackElo "2110"]
[Result "1-0"]
[Round "06"]
[TimeControl "180+2"]
[Date "2023.05.16"]
[WhiteClock "0:01:04"]
[BlackClock "0:00:36"]

1. c4 e6 2. Nf3 d5 3. d4 Nf6 4. g3 c5 5. cxd5 exd5 6. Bg2 Nc6 7. O-O Bf5 8. Nc3 Be7 9. Bg5 O-O 10. dxc5 d4 11. Na4 d3 12. exd3 Bxd3 13. Re1 h6 14. Bf4 Bb5 15. Nc3 Bc4 16. Bd6 Qa5 17. Bxe7 Nxe7 18. Rxe7 Qxc5 19. Qe1 Ng4 20. Re4 f5 21. Rd4 Rae8 22. Qd2 b5 23. Re1 b4 24. Na4 Qb5 25. b3 Be2 26. Rd5 Qa6 27. Nc5 Qb5 28. Nd4 Qb6 29. Rxe2 Rxe2 30. Qxe2 f4 31. Qe6+ Qxe6 32. Ndxe6 1-0


[Site "https://www.chess.com"]

[Event "Titled Tuesday Blitz May 16 Early 2023"]
[White "Allahverdiyeva, Ayan"]
[Black "Necula, Iulian"]
[WhiteFideId "13412590"]
[BlackFideId "1232380"]
[WhiteElo "1980"]
[BlackElo "1790"]
[Result "1-0"]
[Round "06"]
[TimeControl "180+2"]
[Date "2023.05.16"]
[WhiteClock "0:00:25"]
[BlackClock "0:00:10"]

1. e4 d6 2. d4 Nf6 3. Nc3 Nbd7 4. f4 e5 5. Nf3 exd4 6. Qxd4 c6 7. Be3 d5 8. O-O-O Bc5 9. Qd2 Bxe3 10. Qxe3 O-O 11. exd5 Re8 12. Qd2 Qa5 13. d6 b5 14. Kb1 b4 15. Ne2 Ne4 16. Qd4 c5 17. Qd5 Nc3+ 18. bxc3 bxc3 19. Ka1 Rb8 20. Ng5 Rf8 21. Qc4 Rb2 22. Nxc3 Rxc2 23. Nge4 Nb6 24. Qb5 Qa3 25. Qb3 Rc1+ 26. Rxc1 Qxc1+ 27. Qb1 Qxf4 28. Bb5 Nc4 29. Bxc4 Bf5 30. Rf1 Qe3 31. Rxf5 Qd4 32. Bxf7+ Rxf7 33. Qb8+ 1-0


[Site "https://www.chess.com"]

[Event "Titled Tuesday Blitz May 16 Early 2023"]
[White "Manon-og, Ramon Jr."]
[Black "Kriti Mayur Patel"]
[WhiteFideId "5200776"]
[BlackFideId "35061780"]
[WhiteElo "2309"]
[BlackElo "1306"]
[Result "1-0"]
[Round "06"]
[TimeControl "180+2"]
[Date "2023.05.16"]
[WhiteClock "0:01:40"]
[BlackClock "0:00:14"]

1. e4 e5 2. Nf3 Nc6 3. Bc4 Nf6 4. Ng5 d5 5. exd5 Na5 6. Bb5+ c6 7. dxc6 bxc6 8. Bd3 Nd5 9. Nf3 Qc7 10. O-O Nf4 11. Nxe5 Be6 12. Re1 Bd6 13. Nc4 Nxd3 14. Nxd6+ Qxd6 15. cxd3 Qxd3 16. Qe2 Qg6 17. b3 O-O 18. Bb2 Bh3 19. g3 Rad8 20. Nc3 Nb7 21. Ne4 Rfe8 22. Qc4 Qh5 23. Qxc6 Na5 24. Nf6+ gxf6 25. Rxe8+ Rxe8 26. Qxe8+ Kg7 27. Qe3 Qd5 28. f3 Nc6 29. Rc1 Nb4 30. Rc5 Qd6 31. Qg5+ Kf8 32. Bxf6 Nd3 33. Qg7+ Ke8 34. Qg8+ Kd7 35. Qc8# 1-0


[Site "https://www.chess.com"]

[Event "Titled Tuesday Blitz May 16 Early 2023"]
[White "Weber, Samuel"]
[Black "stratacticos"]
[WhiteFideId "12924008"]
[WhiteElo "2162"]
[BlackElo "1881"]
[Result "1/2-1/2"]
[Round "06"]
[TimeControl "180+2"]
[Date "2023.05.16"]
[WhiteClock "0:00:25"]
[BlackClock "0:00:02"]

1. b3 e5 2. Bb2 d6 3. c4 Nf6 4. Nc3 c6 5. e3 Be7 6. Nf3 O-O 7. Bd3 a6 8. O-O b5 9. cxb5 axb5 10. a4 b4 11. Na2 e4 12. Bxf6 Bxf6 13. Bxe4 Bxa1 14. Qxa1 Qe7 15. Bb1 Bg4 16. Qd4 Bxf3 17. gxf3 c5 18. Qd5 Nd7 19. Bd3 Qe6 20. Qh5 Nf6 21. Qh4 Qxb3 22. Nc1 Qe6 23. Ne2 Rxa4 24. Nf4 Qe5 25. h3 g5 26. Qg3 Kh8 27. Ne2 Qxg3+ 28. Nxg3 b3 29. Nf5 d5 30. e4 c4 31. Bb1 dxe4 32. fxe4 Ra1 33. Nd6 Kg7 34. Nxc4 Rd8 35. d3 Rxb1 36. Rxb1 Rxd3 37. e5 Nh5 38. Ne3 Nf4 39. Kh2 Kg6 40. Rb2 h5 41. Rb1 Rc3 42. Rd1 b2 43. Rd6+ Kh7 44. Rb6 Nd3 45. Rb7 Kg6 46. Rb6+ Kh7 47. Rb7 Nxe5 48. Rxb2 Nd3 49. Rb8 Nxf2 50. Nd5 Rc2 51. Rb7 Kg6 52. Rb6+ Kf5 53. Rf6+ Ke5 54. Ne3 Re2 55. Nc4+ Kxf6 56. Kg3 Ne4+ 57. Kf3 Nc5 58. Kxe2 Kf5 59. Kf3 g4+ 60. Kg3 gxh3 61. Kxh3 Ne4 62. Nd2 Kg5 63. Nf3+ Kf4 64. Nh2 Ng5+ 65. Kh4 f5 66. Kxh5 Nf3 67. Nf1 Ke4 68. Ng3+ Ke3 69. Nxf5+ 1/2-1/2


[Site "https://www.chess.com"]